 Dungeon Crawl Stone Soup version 0.28-a0-1347-g113dc556a4 (webtiles) character file.

Game seed: 15245970868300946461

18 frimble the Grasshopper (level 2, 0/22 HPs)
             Began as a Demonspawn Warper on Dec 30, 2021.
             Succumbed to an adder's poison
             ... on level 2 of the Dungeon.
             The game lasted 00:01:28 (1376 turns).

frimble the Grasshopper (Demonspawn Warper)         Turns: 1376, Time: 00:01:29

Health: 0/22       AC:  3    Str: 11    XL:     2   Next: 48%
Magic:  4/5        EV: 11    Int: 20    God:
Gold:   66         SH:  4    Dex: 12    Spells: 3/5 levels left

rFire   . . .      SeeInvis .   a - +0 falchion
rCold   . . .      Faith    .   (no shield)
rNeg    . . .      Spirit   .   b - +0 leather armour
rPois   .          Reflect  .   (no helmet)
rElec   .          Harm     .   (no cloak)
rCorr   .          Rampage  .   (no gloves)
Will    .....                   (no boots)
Stlth   +.........              (no amulet)
HPRegen 0.07/turn               e - +6 ring of intelligence
MPRegen 0.09/turn               f - ring of wizardry

@: lethally poisoned (0 -> -1)
A: condensation shield
a: no special abilities


You were on level 2 of the Dungeon.
You visited 1 branch of the dungeon, and saw 2 of its levels.

You collected 66 gold pieces.

Inventory:

Hand Weapons
 a - a +0 falchion (weapon)
Armour
 b - a +0 leather armour (worn)
Jewellery
 e - a +6 ring of intelligence (left hand)
 f - a ring of wizardry (right hand)
 i - a ring of resist corrosion
 j - a ring of wizardry
Scrolls
 c - a scroll of blinking
 h - a scroll of identify
Potions
 g - a potion of brilliance


   Skills:
 - Level 2.0 Fighting
 + Level 2.2 Long Blades
 - Level 1.0 Throwing
 - Level 0.9 Armour
 + Level 2.2 Dodging
 - Level 2.0 Spellcasting
 - Level 2.7 Translocations


You had 3 spell levels left.
You knew the following spells:

 Your Spells              Type           Power      Damage    Failure   Level
a - Blink                 Tloc           26%        N/A       4%          2

Your spell library contained the following spells:

 Spells                   Type           Power      Damage    Failure   Level
 Gell's Gravitas          Tloc           13%        N/A       9%          3
 Lesser Beckoning         Tloc           13%        N/A       9%          3
 Teleport Other           Tloc           13%        N/A       9%          3
 Manifold Assault         Tloc           13%        N/A       56%         5


Dungeon Overview and Level Annotations

Branches:
Dungeon (2/15)

Altars:

Annotations:
D:2 Natasha


Innate Abilities, Weirdness & Mutations

A meltable shield of frost defends you. (SH +4)


Message History

You throw a boomerang of dispersal.
The boomerang of dispersal closely misses the adder.
Unknown command.
You aren't carrying any items that you can evoke.
Unknown command.
Okay, then.
A kobold, an ufetubus and a dart slug come into view.
The kobold is wielding a +0 whip of venom.
Found a hand axe and a shiny emerald ring.
The ufetubus shouts!
Casting: Blink (safe; 4% risk of failure)
Confirm with . or Enter, or press ? or * to list all spells.
You are still too unstable to blink.
The kobold shouts!
You feel stable enough to blink again.
You barely miss the adder.
The adder is heavily wounded.
The adder barely misses you.
You hit the adder.
The adder is heavily wounded.
The adder bites you.
* * * LOW HITPOINT WARNING * * *
You block the adder's attack.
Okay, then.
Okay, then.
You hit the adder.
The adder is almost dead.
The adder bites you.
* * * LOW HITPOINT WARNING * * *
You are poisoned.
The adder poisons you! The adder bites you.
* * * LOW HITPOINT WARNING * * *
Okay, then.
You closely miss the adder.
The adder is almost dead.
* * * LOW HITPOINT WARNING * * *
You feel sick. The adder barely misses you.
You hit the adder.
You kill the adder!
You die...

#<# #.. =.#...#
##. ....... #
...)... ........
......w.
........##
........K#######
#...###5†@....#
####.....##..####
..##.##)#..##
..#..#.:.##
$.#.#..##
#.#....# #
#....#.#### ###
#...#..... ..###
#....##


You could see a dart slug, an ufetubus and a kobold.

Vanquished Creatures
  An adder (D:2)
  4 bats (D:1)
  An endoplasm (D:1)
  4 goblins
  A hobgoblin (D:1)
  A kobold (D:1)
  2 quokkas
  2 rats (D:1)
16 creatures vanquished.

Notes
Turn   | Place    | Note
-------+----------+-------------------------------------------
     0 | D:1      | frimble the Demonspawn Warper began the quest for the Orb.
     0 | D:1      | Reached XP level 1. HP: 16/16 MP: 3/3
   103 | D:1      | Reached skill level 1 in Throwing
   293 | D:1      | Gained mutation: A meltable shield of frost defends you.
                  | (SH +4) [demonic ancestry]
   293 | D:1      | Reached XP level 2. HP: 22/22 MP: 5/5
   296 | D:1      | Learned a level 2 spell: Blink
  1338 | D:2      | Noticed Natasha
  1375 | D:2      | HP: 1/22 [poisoned by an adder]
  1376 | D:2      | Succumbed to an adder's poison

Illustrated notes

Levels and vault maps discovered:
D:1:      beargit_arrival_greenhouse, layout_loops_ring
D:2:      layout_rooms, basic_altar, uniq_crazy_yiuf_cottage, uniq_terence,
          uniq_jessica, uniq_natasha

Skill      XL: |  1 |
---------------+----+-----
Throwing       | 1 |  1.0
Long Blades    | 2 |  2.2
Dodging        | 2 |  2.2
Fighting       | |  2.0
Armour         | |  0.9
Spellcasting   | |  2.0
Translocations | |  2.7

Action                   || total
-------------------------++-------
Melee: Falchion          ||    72
Throw: Boomerang         ||     5
 Cast: Blink             ||     1
  Use: Scroll            ||     1
Armor: Leather armour    ||    27
Dodge: Dodged            ||    49
Block: Other             ||    12

Table legend: (Time is in decaauts)
 A = Elapsed time spent in this place.
 B = Non-inter-level travel time spent in this place.
 C = Inter-level travel time spent in this place.
 D = Time resting spent in this place.
 E = Time spent auto-exploring this place.
 F = Levels seen in this place.
 G = Mean time per level.
                   A        B        C        D        E       F      G
               +--------+--------+--------+--------+--------+-----+--------+
         Total |   1391 |   1317 |     74 |      0 |   1133 |   2 |  695.5 |
       Dungeon |   1391 |   1317 |     74 |      0 |   1133 |   2 |  695.5 |
               +--------+--------+--------+--------+--------+-----+--------+

Top non-repeatable levels by time:
     D:1: 1132 daAuts
     D:2: 259 daAuts
